 Dungeon Crawl Stone Soup version 0.29.1-2-gbd0b4ee654 (webtiles) character file.

Game seed: 17795692133714930098

2 Proctologist the Stinger (level 1, 0/13 HPs)
             Began as a Merfolk Venom Mage on Nov 2, 2022.
             Slain by a kobold
             ... wielding a +0 club
              (1 damage)
             ... on level 1 of the Dungeon.
             The game lasted 00:03:50 (133 turns).

Proctologist the Stinger (Merfolk Venom Mage)        Turns: 133, Time: 00:03:50

Health: 0/13       AC:  2    Str:  8    XL:     1   Next: 30%
Magic:  3/3        EV: 13    Int: 14    God:
Gold:   0          SH:  0    Dex: 14    Spells: 3/4 levels left

rFire   . . .      SeeInvis .   (no weapon)
rCold   . . .      Faith    .   (no shield)
rNeg    . . .      Spirit   .   a - +0 robe
rPois   .          Reflect  .   (no helmet)
rElec   .          Harm     .   (no cloak)
rCorr   .          Rampage  .   (no gloves)
Will    .....                   (no boots)
Stlth   ++........              (no amulet)
HPRegen 0.04/turn               (no ring)
MPRegen 0.08/turn               (no ring)

@: attractive
A: (nimble swimmer 2), mertail
a: no special abilities


You were on level 1 of the Dungeon.
You visited 1 branch of the dungeon, and saw 1 of its levels.

Inventory:

Armour
 a - a +0 robe (worn)
Potions
 b - a potion of magic
 c - a potion of attraction


   Skills:
 + Level 2.9 Dodging
 + Level 2.1 Stealth
 + Level 2.0 Spellcasting
 + Level 1.3 Transmutations
 + Level 3.3 Poison Magic


You had 3 spell levels left.
You knew the following spells:

 Your Spells              Type           Power      Damage    Failure   Level
a - Sting                 Tmut/Pois      28%        1d4       9%          1

Your spell library contained the following spells:

 Spells                   Type           Power      Damage    Failure   Level
 Poisonous Vapours        Pois/Air       12%        N/A       19%         2
 Mephitic Cloud           Conj/Pois/Air  4%         N/A       41%         3
 Olgreb's Toxic Radiance  Pois           10%        N/A       52%         4


Dungeon Overview and Level Annotations

Branches:
Dungeon (1/15)

Altars:


Innate Abilities, Weirdness & Mutations

((You are very nimble when in or above water. (Stealth+, EV+, Speed+++)))
Your lower body shifts to a powerful aquatic tail in water.


Message History

Sorry, you're not good enough to have a special ability.
You can't go up here!
Casting: Sting (safe; 9% risk of failure)
Confirm with . or Enter, or press ? or * to list all spells.
Aiming: Sting (safe; 9% risk of failure)
Press: ? - help, Shift-Dir - straight line, f - hobgoblin
Aim: a hobgoblin (moderately wounded, 68% to hit)
The sting misses the hobgoblin.
The hobgoblin hits you.
* * * LOW HITPOINT WARNING * * *
You see here a bat corpse.
The hobgoblin attacks as you move away! The hobgoblin hits you.
* * * LOW HITPOINT WARNING * * *
You are too injured to fight recklessly!
It was a potion of attraction.
You feel attractive to monsters. The hobgoblin closely misses you.
The ball python is attracted toward you.
The goblin is attracted toward you.
Casting: Sting (safe; 9% risk of failure)
Confirm with . or Enter, or press ? or * to list all spells.
You don't know that spell.
The hobgoblin attacks as you move away! The hobgoblin misses you.
The ball python is attracted toward you.
You barely miss the hobgoblin.
The hobgoblin is moderately wounded.
The hobgoblin closely misses you. The goblin is attracted toward you.
The kobold attacks as you move away! The kobold completely misses you.
The ball python is attracted toward you.
The kobold closely misses you.
You hit the hobgoblin.
The hobgoblin is heavily wounded.
The kobold barely misses you. The hobgoblin misses you.
The kobold attacks as you move away! The kobold hits you with a +0 club.
* * * LOW HITPOINT WARNING * * *
The ball python is attracted toward you.
The ball python is attracted toward you.
The ball python is attracted toward you.
The kobold attacks as you move away! The kobold barely misses you.
The kobold attacks as you move away! The kobold hits you with a +0 club.
You die...

####### ##.......
##################........
#........@Kgg.............
#####.#######.####.###..#####.
#.....# #.##...###..#
#.###########.##.....§..# #.#
#.........##...###.#####
#.###.#.#.#.#..##.....†....#
#...............#.####.###.#
#######.#.#.#...#.## #.#
######....................Kg.


You could see a hobgoblin, a goblin and a kobold.

Vanquished Creatures
  A bat (D:1)
  A rat (D:1)
2 creatures vanquished.

Notes
Turn   | Place    | Note
-------+----------+-------------------------------------------
     0 | D:1      | Proctologist the Merfolk Venom Mage began the quest for the
                  | Orb.
     0 | D:1      | Reached XP level 1. HP: 13/13 MP: 3/3
   133 | D:1      | Slain by a kobold

Illustrated notes

Levels and vault maps discovered:
D:1:      dpeg_arrival_connections, layout_loops_ring, serial_glass,
          glass_columns_a, glass_columns_b,
          hangedman_abyss_or_decor_lesser_grid, minmay_pentomino_s2

Action                   || total
-------------------------++-------
Melee: Unarmed           ||    10
 Cast: Sting             ||     2
  Use: Potion            ||     1
Armor: Robe              ||     3
Dodge: Dodged            ||    11
